TOP OF THE 1ST |
Carolina Mudcats batting - Pitching for Dunedin Blue Jays : RHP Bryan Mattis
|
Pitching: RHP Bryan Mattis
|
|
Batting: LHB Ricardo Sandoval
|
0-0: Swinging Strike 0-1: Ball 1-1: DOUBLE (Flyball, 8RXD, EV 101.9 MPH)
|
Batting: RHB Chris Trites
|
0-0: Foul Ball, location: 2F 0-1: Ball 1-1: Reached on error, E5 (Groundball, 56S, EV 83.1 MPH) Ricardo Sandoval scores
|
Batting: RHB Zheng-ze King
|
0-0: Ball 1-0: 2-RUN HOME RUN (Flyball, 7LD, EV 96.2 MPH), Distance : 346 ft
|
Batting: LHB Oke Monti
|
0-0: Called Strike 0-1: Ball 1-1: Foul Ball, location: 2F 1-2: Ball 2-2: Strikes out swinging
|
Batting: SHB Jose Melendez
|
0-0: Ball 1-0: Ball 2-0: Ball 3-0: Called Strike 3-1: Hit by Pitch
|
Batting: SHB Karl Starnes
|
0-0: Called Strike 0-1: Swinging Strike 0-2: Foul Ball, location: 2F 0-2: Foul Ball, location: 2F 0-2: Strikes out swinging
|
Batting: RHB Costantino Dolfini
|
0-0: Ball 1-0: Swinging Strike 1-1: Ball 2-1: Foul Ball, location: 2F 2-2: Foul Ball, location: 2F 2-2: DOUBLE (Line Drive, 89D, EV 108.1 MPH) Jose Melendez to third Runner from 3rd tries for Home, SAFE, throw by RF to trailing runner, SAFE at third!
|
Batting: RHB Rafael Reyes
|
0-0: Called Strike 0-1: Ball 1-1: Swinging Strike 1-2: Ball 2-2: Ball 3-2: SINGLE (Groundball, 4D, EV 105.0 MPH) Costantino Dolfini scores
|
Batting: RHB Dave Pizarro
|
0-0: Ball Rafael Reyes steals 2nd base 1-0: Called Strike 1-1: Swinging Strike 1-2: Ball 2-2: Strikes out swinging
|
Top of the 1st over - 5 runs, 4 hits, 1 error, 1 left on base; Carolina 5 - Dunedin 0 |
BOTTOM OF THE 1ST |
Dunedin Blue Jays batting - Pitching for Carolina Mudcats : LHP Mohala Kileona
|
Pitching: LHP Mohala Kileona
|
|
Batting: RHB Luis Gomez
|
0-0: Ball 1-0: Foul Ball, location: 2F 1-1: Ground out 6-3 (Groundball, 6S, EV 90.0 MPH)
|
Batting: RHB Stephen Casteel
|
0-0: Called Strike 0-1: Ground out 6-3 (Groundball, 6, EV 93.1 MPH)
|
Batting: RHB Raul de la Cruz
|
0-0: Called Strike 0-1: Fly out, F8 (Flyball, 8RXD, EV 105.0 MPH)
|
Bottom of the 1st over - 0 runs, 0 hits, 0 errors, 0 left on base; Carolina 5 - Dunedin 0 |
TOP OF THE 2ND |
Carolina Mudcats batting - Pitching for Dunedin Blue Jays : RHP Bryan Mattis
|
Batting: LHB Ricardo Sandoval
|
0-0: Fly out, F5 (Popup, 5D, EV 65.0 MPH)
|
Batting: RHB Chris Trites
|
0-0: Called Strike 0-1: Ball 1-1: Foul Ball, location: 2F 1-2: DOUBLE (Flyball, 78D, EV 103.1 MPH)
|
Batting: RHB Zheng-ze King
|
0-0: Ball 1-0: Ball 2-0: Ball 3-0: Base on Balls
|
Batting: LHB Oke Monti
|
0-0: Ball 1-0: Called Strike 1-1: Swinging Strike 1-2: Ball 2-2: Grounds into double play, 5-6-3 (Groundball, 56, EV 90.0 MPH)
|
Top of the 2nd over - 0 runs, 1 hit, 0 errors, 1 left on base; Carolina 5 - Dunedin 0 |
BOTTOM OF THE 2ND |
Dunedin Blue Jays batting - Pitching for Carolina Mudcats : LHP Mohala Kileona
|
Batting: RHB Scott Travis
|
0-0: Ball 1-0: Ball 2-0: Ball 3-0: Base on Balls
|
Batting: LHB Devin Huber
|
0-0: SINGLE (Groundball, 34S, EV 70.0 MPH) (infield hit) Scott Travis to second
|
Batting: RHB Bobby Lasaguna
|
0-0: Ball 1-0: Ball 2-0: Ball 3-0: Base on Balls Scott Travis to third Devin Huber to second
|
Batting: RHB Jose Ontiveros
|
0-0: Fly out, F9 (Flyball, 9, EV 91.2 MPH) Runner from 3rd tags up, SCORES, no throw by RF
|
Batting: RHB Luis Reyes
|
0-0: Called Strike 0-1: Ball 1-1: Ball 2-1: Called Strike 2-2: Ball 3-2: Foul Ball, location: 2F 3-2: Strikes out looking
|
Batting: RHB Norm Mercer
|
0-0: Ball 1-0: Ball 2-0: Ball 3-0: Called Strike 3-1: Fly out, F8 (Flyball, 8RD, EV 101.9 MPH)
|
Bottom of the 2nd over - 1 run, 1 hit, 0 errors, 2 left on base; Carolina 5 - Dunedin 1 |
TOP OF THE 3RD |
Carolina Mudcats batting - Pitching for Dunedin Blue Jays : RHP Bryan Mattis
|
Batting: SHB Jose Melendez
|
0-0: Ball 1-0: Foul Ball, location: 2F 1-1: Called Strike 1-2: Strikes out swinging
|
Batting: SHB Karl Starnes
|
0-0: Called Strike 0-1: Ball 1-1: Called Strike 1-2: Fly out, F6 (Line Drive, 6M, EV 62.5 MPH)
|
Batting: RHB Costantino Dolfini
|
0-0: Called Strike 0-1: Swinging Strike 0-2: Ball 1-2: Ball 2-2: Strikes out looking
|
Top of the 3rd over - 0 runs, 0 hits, 0 errors, 0 left on base; Carolina 5 - Dunedin 1 |
BOTTOM OF THE 3RD |
Dunedin Blue Jays batting - Pitching for Carolina Mudcats : LHP Mohala Kileona
|
Batting: RHB Luis Gomez
|
0-0: Called Strike 0-1: Ball 1-1: Ball 2-1: Ball 3-1: Base on Balls
|
Batting: RHB Stephen Casteel
|
0-0: Called Strike 0-1: Ball 1-1: Ball 2-1: SINGLE (Groundball, 15S, EV 67.5 MPH) (infield hit) Luis Gomez to second
|
Batting: RHB Raul de la Cruz
|
0-0: Grounds into double play, 4-6-3 (Groundball, 4, EV 101.2 MPH) Luis Gomez to third
|
Batting: RHB Scott Travis
|
0-0: Swinging Strike 0-1: Swinging Strike 0-2: Ball 1-2: Fly out, F8 (Flyball, 8LD, EV 96.2 MPH)
|
Bottom of the 3rd over - 0 runs, 1 hit, 0 errors, 1 left on base; Carolina 5 - Dunedin 1 |
TOP OF THE 4TH |
Carolina Mudcats batting - Pitching for Dunedin Blue Jays : RHP Bryan Mattis
|
Batting: RHB Rafael Reyes
|
0-0: Ball 1-0: Called Strike 1-1: Swinging Strike 1-2: Ground out U3 (Groundball, 34, EV 86.2 MPH)
|
Batting: RHB Dave Pizarro
|
0-0: Ball 1-0: Ball 2-0: Ball 3-0: Base on Balls
|
Batting: LHB Ricardo Sandoval
|
0-0: Ball Dave Pizarro steals 2nd base 1-0: Swinging Strike 1-1: Swinging Strike 1-2: Strikes out looking
|
Batting: RHB Chris Trites
|
0-0: Foul Ball, location: 2F 0-1: Swinging Strike 0-2: Ball 1-2: Strikes out looking
|
Top of the 4th over - 0 runs, 0 hits, 0 errors, 1 left on base; Carolina 5 - Dunedin 1 |
BOTTOM OF THE 4TH |
Dunedin Blue Jays batting - Pitching for Carolina Mudcats : LHP Mohala Kileona
|
Batting: LHB Devin Huber
|
0-0: Called Strike 0-1: SINGLE (Groundball, 3D, EV 98.1 MPH)
|
Batting: RHB Bobby Lasaguna
|
0-0: Grounds into double play, 4-6-3 (Groundball, 34, EV 83.8 MPH)
|
Batting: RHB Jose Ontiveros
|
0-0: Called Strike 0-1: Foul Ball, location: 2F 0-2: Ball 1-2: Foul Ball, location: 2F 1-2: Ball 2-2: SOLO HOME RUN (Line Drive, 78XD, EV 108.1 MPH), Distance : 410 ft
|
Batting: RHB Luis Reyes
|
0-0: Called Strike 0-1: Ball 1-1: Ground out 6-3 (Groundball, 6, EV 109.4 MPH)
|
Bottom of the 4th over - 1 run, 2 hits, 0 errors, 0 left on base; Carolina 5 - Dunedin 2 |
TOP OF THE 5TH |
Carolina Mudcats batting - Pitching for Dunedin Blue Jays : RHP Bryan Mattis
|
Batting: RHB Zheng-ze King
|
0-0: Ball 1-0: Called Strike 1-1: Ball 2-1: Swinging Strike 2-2: Foul Ball, location: 2F 2-2: Ball 3-2: Ground out 5-3 (Groundball, 56, EV 81.9 MPH)
|
Pitching: LHP Mike Oakes
|
|
Batting: LHB Oke Monti
|
0-0: Swinging Strike 0-1: Swinging Strike 0-2: Ball 1-2: Strikes out swinging
|
Batting: SHB Jose Melendez
|
0-0: Ground out 5-3 (Groundball, 56S, EV 78.8 MPH)
|
Top of the 5th over - 0 runs, 0 hits, 0 errors, 0 left on base; Carolina 5 - Dunedin 2 |
BOTTOM OF THE 5TH |
Dunedin Blue Jays batting - Pitching for Carolina Mudcats : LHP Mohala Kileona
|
Batting: RHB Norm Mercer
|
0-0: Ball 1-0: Ball 2-0: Ball 3-0: Called Strike 3-1: Fly out, F9 (Line Drive, 9LM, EV 84.4 MPH)
|
Batting: RHB Luis Gomez
|
0-0: Ball 1-0: Ball 2-0: Swinging Strike 2-1: Foul Ball, location: 2F 2-2: Ground out 5-3 (Groundball, 56, EV 85.6 MPH)
|
Batting: RHB Stephen Casteel
|
0-0: Called Strike 0-1: Swinging Strike 0-2: Ball 1-2: Ground out 5-3 (Groundball, 56, EV 94.4 MPH)
|
Bottom of the 5th over - 0 runs, 0 hits, 0 errors, 0 left on base; Carolina 5 - Dunedin 2 |
TOP OF THE 6TH |
Carolina Mudcats batting - Pitching for Dunedin Blue Jays : LHP Mike Oakes
|
Batting: SHB Karl Starnes
|
0-0: Ground out 5-3 (Groundball, 5S, EV 70.0 MPH)
|
Batting: RHB Costantino Dolfini
|
0-0: Called Strike 0-1: Swinging Strike 0-2: Ball 1-2: Reached on error, E2 (Groundball, 13S, EV 66.2 MPH)
|
Batting: RHB Rafael Reyes
|
0-0: Ball 1-0: Ball Costantino Dolfini steals 2nd base 2-0: Fly out, F2 (Popup, 5SF, EV 79.4 MPH)
|
Batting: RHB Dave Pizarro
|
0-0: Swinging Strike 0-1: Ball 1-1: Swinging Strike 1-2: Strikes out swinging
|
Top of the 6th over - 0 runs, 0 hits, 1 error, 1 left on base; Carolina 5 - Dunedin 2 |
BOTTOM OF THE 6TH |
Dunedin Blue Jays batting - Pitching for Carolina Mudcats : LHP Mohala Kileona
|
Batting: RHB Raul de la Cruz
|
0-0: Called Strike 0-1: Ball 1-1: Called Strike 1-2: Ball 2-2: Ground out 4-3 (Groundball, 4, EV 85.0 MPH)
|
Batting: RHB Scott Travis
|
0-0: Called Strike 0-1: Fly out, F8 (Flyball, 8RD, EV 110.6 MPH)
|
Batting: LHB Devin Huber
|
0-0: Called Strike 0-1: Foul Ball, location: 2F 0-2: Ball 1-2: Strikes out swinging
|
Bottom of the 6th over - 0 runs, 0 hits, 0 errors, 0 left on base; Carolina 5 - Dunedin 2 |
TOP OF THE 7TH |
Carolina Mudcats batting - Pitching for Dunedin Blue Jays : LHP Mike Oakes
|
Batting: LHB Ricardo Sandoval
|
0-0: Swinging Strike 0-1: DOUBLE (Groundball, 3L, EV 100.6 MPH)
|
Batting: RHB Chris Trites
|
0-0: Called Strike Ricardo Sandoval steals 3rd base 0-1: Ball 1-1: Foul Ball, location: 2F 1-2: Ball 2-2: Foul Ball, location: 2F 2-2: Foul Ball, location: 2F 2-2: Fly out, F9 (Flyball, 9LM, EV 83.8 MPH) Runner from 3rd tags up, SCORES, no throw by RF
|
Batting: RHB Zheng-ze King
|
0-0: Swinging Strike 0-1: SINGLE (Groundball, 25, EV 71.9 MPH) (infield hit)
|
Batting: LHB Oke Monti
|
0-0: Ball 1-0: Called Strike 1-1: Swinging Strike 1-2: SINGLE (Line Drive, 4D, EV 103.8 MPH) Zheng-ze King to second Runner from 2nd tries for 3rd, OUT! 8-5
|
Batting: SHB Jose Melendez
|
0-0: SINGLE (Groundball, 56D, EV 99.4 MPH) Oke Monti to second
|
Batting: SHB Karl Starnes
|
0-0: Called Strike 0-1: Ball 1-1: Called Strike 1-2: Strikes out swinging
|
Top of the 7th over - 1 run, 4 hits, 0 errors, 2 left on base; Carolina 6 - Dunedin 2 |
BOTTOM OF THE 7TH |
Dunedin Blue Jays batting - Pitching for Carolina Mudcats : LHP Mohala Kileona
|
Batting: RHB Bobby Lasaguna
|
0-0: Ground out 6-3 (Groundball, 6, EV 103.1 MPH)
|
Batting: RHB Jose Ontiveros
|
0-0: Called Strike 0-1: Ball 1-1: Ball 2-1: Ground out 5-3 (Groundball, 5, EV 85.6 MPH)
|
Batting: RHB Luis Reyes
|
0-0: Ball 1-0: Foul Ball, location: 2F 1-1: Ball 2-1: Ball 3-1: Foul Ball, location: 2F 3-2: Strikes out swinging
|
Bottom of the 7th over - 0 runs, 0 hits, 0 errors, 0 left on base; Carolina 6 - Dunedin 2 |
TOP OF THE 8TH |
Carolina Mudcats batting - Pitching for Dunedin Blue Jays : LHP Mike Oakes
|
Batting: RHB Costantino Dolfini
|
0-0: Called Strike 0-1: Ball 1-1: Ball 2-1: Called Strike 2-2: Ball 3-2: Strikes out swinging
|
Batting: RHB Rafael Reyes
|
0-0: Ground out 5-3 (Groundball, 56S, EV 81.2 MPH)
|
Batting: RHB Dave Pizarro
|
0-0: Ball 1-0: Called Strike 1-1: SINGLE (Groundball, 5S, EV 66.2 MPH) (infield hit)
|
Pitching: RHP Scott Lowry
|
|
Batting: LHB Ricardo Sandoval
|
0-0: Called Strike 0-1: Ball Dave Pizarro steals 2nd base 1-1: Called Strike 1-2: Foul Ball, location: 2F 1-2: Foul Ball, location: 2F 1-2: DOUBLE (Popup, 4MD, EV 56.2 MPH) Dave Pizarro scores
|
Batting: RHB Chris Trites
|
0-0: Ball 1-0: Ground out 6-3 (Groundball, 6S, EV 73.1 MPH)
|
Top of the 8th over - 1 run, 2 hits, 0 errors, 1 left on base; Carolina 7 - Dunedin 2 |
BOTTOM OF THE 8TH |
Dunedin Blue Jays batting - Pitching for Carolina Mudcats : LHP Mohala Kileona
|
Batting: RHB Norm Mercer
|
0-0: Ball 1-0: Called Strike 1-1: Ball 2-1: Foul Ball, location: 2F 2-2: Fly out, F9 (Flyball, 89M, EV 84.4 MPH)
|
Batting: RHB Luis Gomez
|
0-0: Called Strike 0-1: Called Strike 0-2: Ball 1-2: Ball 2-2: Ball 3-2: Base on Balls
|
Pitching: RHP Jeremy Hurley
|
|
Batting: RHB Stephen Casteel
|
0-0: 2-RUN HOME RUN (Flyball, 7D, EV 101.2 MPH), Distance : 376 ft
|
Batting: RHB Raul de la Cruz
|
0-0: Ball 1-0: Ground out 4-3 (Groundball, 4, EV 101.9 MPH)
|
Batting: RHB Scott Travis
|
0-0: Ball 1-0: Foul Ball, location: 2F 1-1: Swinging Strike 1-2: Ball 2-2: SOLO HOME RUN (Flyball, 9D, EV 99.4 MPH), Distance : 368 ft
|
Batting: LHB Devin Huber
|
0-0: Ball 1-0: Ball 2-0: SINGLE (Line Drive, 9S, EV 101.9 MPH)
|
Batting: RHB Bobby Lasaguna
|
0-0: Ball 1-0: Called Strike 1-1: Swinging Strike 1-2: Ball 2-2: Strikes out swinging
|
Bottom of the 8th over - 3 runs, 3 hits, 0 errors, 1 left on base; Carolina 7 - Dunedin 5 |
TOP OF THE 9TH |
Carolina Mudcats batting - Pitching for Dunedin Blue Jays : RHP Scott Lowry
|
Batting: RHB Zheng-ze King
|
0-0: Called Strike 0-1: Ball 1-1: Ball 2-1: Foul Ball, location: 2F 2-2: Foul Ball, location: 2F 2-2: Ground out 6-3 (Groundball, 6, EV 111.2 MPH)
|
Batting: LHB Oke Monti
|
0-0: Fly out, F7 (Flyball, 8LM, EV 86.2 MPH)
|
Batting: SHB Jose Melendez
|
0-0: Ball 1-0: Called Strike 1-1: Swinging Strike 1-2: Ball 2-2: Ball 3-2: Foul Ball, location: 2F 3-2: Foul Ball, location: 2F 3-2: Base on Balls
|
Batting: SHB Karl Starnes
|
0-0: Ball 1-0: Ball Jose Melendez steals 2nd base (no throw) 2-0: Called Strike 2-1: SINGLE (Groundball, 4MD, EV 107.5 MPH) Jose Melendez to third Runner from 3rd tries for Home, SAFE, throw by CF to home
|
Batting: RHB Costantino Dolfini
|
0-0: Ball 1-0: Ball 2-0: Called Strike 2-1: Fielders Choice at 2nd, 6-4 (Groundball, 6, EV 83.8 MPH)
|
Top of the 9th over - 1 run, 1 hit, 0 errors, 1 left on base; Carolina 8 - Dunedin 5 |
BOTTOM OF THE 9TH |
Dunedin Blue Jays batting - Pitching for Carolina Mudcats : RHP Jeremy Hurley
|
Pitching: RHP Ioakim Mozgo
|
|
Batting: RHB Jose Ontiveros
|
0-0: Called Strike 0-1: SINGLE (Groundball, 6MD, EV 102.5 MPH)
|
Pinch Hitting: LHB Frank Nelson
|
0-0: Ball 1-0: Foul Ball, location: 2F 1-1: Called Strike 1-2: Strikes out swinging
|
Batting: RHB Norm Mercer
|
0-0: Ball 1-0: Swinging Strike 1-1: Ball 2-1: Foul Ball, location: 2F 2-2: Foul Ball, location: 2F 2-2: Strikes out looking
|
Batting: RHB Luis Gomez
|
0-0: Called Strike 0-1: Ball 1-1: Ball 2-1: Foul Ball, location: 2F 2-2: Foul Ball, location: 2F 2-2: Strikes out swinging
|
Bottom of the 9th over - 0 runs, 1 hit, 0 errors, 1 left on base; Carolina 8 - Dunedin 5 |
|